AoeStats
← pelto

Arabian Desert

509934819Analyzed
1v1 RM · 3d ago on Sep 28, 2026· 32m 37s· 2 players
Game mode
Random Map
Map size
Tiny (2 player)
Population
200
Speed
Normal
Resources
Standard
Victory
Conquest
Starting age
Dark Age
Ending age
Imperial Age
RankedLock teamsTeams togetherTeam positionsShared explorationLock speedFull tech treeHidden civsTurbo modeCheats
Victory
Defeat
🇺🇸 Portuguese · United States
531
+18
🇻🇪 Franks · Venezuela
583
-31
pelto
2:20 Loom
11:30 Feudal Age
14:58 Town Watch
19:56 Scale Barding Armor
24:32 Castle Age
24:15 Wheelbarrow
26:08 Bloodlines
28:54 Hand Cart
Vilo41
11:39 Feudal Age
12:30 Double-Bit Axe
14:03 Wheelbarrow
25:28 Castle Age
24:14 Padded Archer Armor
24:55 Man-at-Arms
26:54 Gold Mining
26:47 Pikeman
Connection lost

Rejoining the realm…

Still unreachable

The connection could not be restored.

Session expired

The server has moved on; the page needs a fresh start.